 Dungeon Crawl Stone Soup version 0.15-a0-1004-gbf4e2e6 (console) character file.

73 Kellhus the Ruinous (level 4, -1/30 HPs)
             Began as a Demonspawn Wizard on May 25, 2014.
             Was an Initiate of Vehumet.
             Slain by Sigmund
             ... wielding a +1,+4 antimagic scythe
              (11 damage)
             ... on Level 2 of the Dungeon.
             The game lasted 00:04:07 (2215 turns).

Kellhus the Ruinous (Demonspawn Wizard)             Turns: 2215, Time: 00:04:08

HP  -1/30        AC  5     Str  7      XL: 4   Next:  8%
MP   1/9         EV 12     Int 21      God: Vehumet [......]
Gold 108         SH  0     Dex 11      Spells:  2 memorised,  5 levels left

rFire  + . .     SeeInvis .     k - +0,-1 spear (curse)
rCold  . . .     Clarity  .     a - +0 robe
rNeg   . . .     Conserve .     (no shield)
rPois  .         rCorr    .     s - +1 helmet
rElec  .         rRot     .     r - +0 cloak
SustAb .         Spirit   .     (no gloves)
rMut   .         Warding  .     (no boots)
Gourm  .         Stasis   .     (no amulet)
MR     .....                    (no ring)
                                (no ring)

@: not resistant to hostile enchantments, unstealthy
A: conserve scrolls, fire resistance 1, powered by death 1
a: Renounce Religion


You were on level 2 of the Dungeon.
You worshipped Vehumet.
Vehumet was noncommittal.
You were not hungry.

You visited 1 branch of the dungeon, and saw 2 of its levels.

You collected 108 gold pieces.

Inventory:

Hand weapons
 k - a cursed +0,-1 spear (weapon)
 n - a +1,+2 dagger of speed
Armour
 a - a +0 robe (worn)
 b - a +0 hat
 o - a +0 cloak
 r - a +0 cloak (worn)
 s - a +1 helmet (worn)
Comestibles
 d - 2 bread rations
 f - 2 pears
 p - 8 sultanas
 u - 3 chunks of hobgoblin flesh
Scrolls
 g - 3 scrolls of identify {unknown}
 h - 2 scrolls of remove curse {unknown}
 i - 2 scrolls of teleportation {unknown}
 q - a scroll of random uselessness {unknown}
Potions
 e - a potion of curing
 j - a potion of brilliance {unknown}
 l - a potion of heal wounds
 t - a potion of degeneration {unknown}
Books
 c - a book of Minor Magic

   Spells                             Type                      Level
   *Magic Dart                        Conjuration                  1
   Blink                              Translocation                2
   Call Imp                           Summoning                    2
   Repel Missiles                     Charms/Air                   2
   Slow                               Hexes                        2
   Conjure Flame                      Conjuration/Fire             3
   *Mephitic Cloud                    Conjuration/Poison/Air       3


   Skills:
 - Level 1.7 Dodging
 - Level 1.7 Stealth
 - Level 3.0 Spellcasting
 + Level 4.0 Conjurations
   Level 1.0 Summonings
   Level 0.8 Translocations


You had 5 spell levels left.
You knew the following spells:

 Your Spells              Type           Power        Failure   Level  Hunger
a - Magic Dart            Conj           ###.         2%          1    None
b - Mephitic Cloud        Conj/Pois/Air  #.......     24%         3    ###....


Dungeon Overview and Level Annotations

Branches:
Dungeon (2/15)

Altars:
Trog
Vehumet

Annotations:
D:2 Sigmund


Innate Abilities, Weirdness & Mutations

You are very good at protecting items from fire.
Your flesh is heat resistant.
You can steal the life force of nearby defeated enemies.


Message History

You hit Sigmund but do no damage.
Sigmund is heavily wounded.
Sigmund misses you.
You closely miss Sigmund.
Sigmund is heavily wounded.
You closely miss Sigmund.
Sigmund is heavily wounded.
Sigmund barely misses you.
You closely miss Sigmund.
Sigmund is heavily wounded.
Sigmund casts a spell at you. The puff of flame hits you! You resist.
You barely miss Sigmund.
Sigmund is heavily wounded.
Sigmund points at you and mumbles some strange words.
The magic dart hits you!
Drink which item? (? for menu, Esc to quit)
You feel refreshed.
It was a potion of restore abilities.
Sigmund hits you with a glowing scythe!
You die...

#.#######........ #####
#.#............#. ....#
#.#..%...<.....#. ###.#
#.#[............. ..#.#
#.#...........##. #)#.##
#.#>..........+.. .%...#
#.#...........#.. ..#..#
##########@##########.....
..#..#..........@.###############
..#(.########....................
..#...........................###
.%#.########...#######........###
..#............# #........'..
###########....# ........##.
......)...#....# ##########.
#########.#....# #.
..........#....## #.


You could see Sigmund.

Vanquished Creatures
  3 adders (D:2)
  A giant gecko (D:1)
  A giant cockroach (D:2)
  7 hobgoblins
  2 jackals (D:1)
  8 kobolds
  2 ball pythons (D:1)
  6 bats (D:1)
  A giant newt (D:1)
  8 goblins (D:1)
  6 rats
45 creatures vanquished.

Notes
Turn   | Place    | Note
--------------------------------------------------------------
     0 | D:1      | Kellhus, the Demonspawn Wizard, began the quest for the Orb.
     0 | D:1      | Reached XP level 1. HP: 13/13 MP: 4/4
   386 | D:1      | Gained mutation: You are very good at protecting items from fire. [demonic ancestry]
   386 | D:1      | Reached XP level 2. HP: 19/19 MP: 3/6
   969 | D:1      | Gained mutation: You can steal the life force of nearby defeated enemies. [demonic ancestry]
   969 | D:1      | Reached XP level 3. HP: 24/24 MP: 5/7
  1396 | D:2      | Found a bloodstained altar of Trog.
  1723 | D:2      | Found a radiant altar of Vehumet.
  1728 | D:2      | Became a worshipper of Vehumet
  1801 | D:2      | Noticed Sigmund
  1813 | D:2      | HP: 1/24 [Sigmund/wand of flame (7)]
  1890 | D:1      | Gained mutation: Your flesh is heat resistant. [demonic ancestry]
  1890 | D:1      | Reached XP level 4. HP: 17/30 MP: 6/9
  2019 | D:1      | Learned a level 3 spell: Mephitic Cloud
  2169 | D:2      | Reached skill level 4 in Conjurations
  2215 | D:2      | Slain by Sigmund

Action                   |  1- 3 |  4- 6 || total
-------------------------+-------+-------++-------
Melee: Unarmed           |    17 |       ||    17
       Spear             |     3 |     5 ||     8
 Cast: Magic Dart        |    87 |    17 ||   104
       Mephitic Cloud    |       |     1 ||     1
  Use: Potion            |     2 |     1 ||     3
